 Dungeon Crawl Stone Soup version 0.31.0-7-gf635a9b802 (webtiles) character file.

Game seed: 13908826512624760883

6187 booth the Mimic (level 10, 0/98 HPs)
             Began as a Troll Shapeshifter on Jan 23, 2024.
             Was a Follower of Ashenzari.
             Succumbed to a killer bee's poison
             ... on level 9 of the Dungeon.
             The game lasted 01:01:17 (7366 turns).

booth the Mimic (Troll Shapeshifter)                Turns: 7366, Time: 01:01:18

Health: 0/98       AC:  5    Str: 24    XL:     10   Next: 60%
Magic:  9/9        EV: 10    Int:  6    God:    Ashenzari [*.....]
Gold:   490        SH:  0    Dex: 13    Spells: 9/9 levels left

rFire   . .          .
                       - Unarmed
rCold   . . .        (no shield)
rNeg    . . .        a - melded +0 animal skin "Eternal Lifelessness" {Cun, Melee} (curse)
rPois   .            (helmet restricted)
rElec   .            p - +2 cloak
rCorr   +            (gloves unavailable)
SInv    .            (boots unavailable)
Will    .....        y - amulet of regeneration
Stlth   ++           v - ring "Eternal Mutualism" {rCorr, Cun, Sorc} (curse)
HPRegen 1.96/turn    (no ring)
MPRegen 0.11/turn

%: no passive effects
@: lethally poisoned (0 -> -13), maw-form
A: devouring maw, large, unfitting armour, claws 3, regeneration 1, shaggy fur
1, tough skin 1
a: Begin Untransformation, Renounce Religion, Shatter the Chains


You were on level 9 of the Dungeon.
You worshipped Ashenzari.
Ashenzari was aware of your devotion.
You were a creature with a mouth for a stomach.
You visited 2 branches of the dungeon, and saw 10 of its levels.

You collected 490 gold pieces.

Inventory:

Hand Weapons
 h - a +0 mace of flaming
 s - a +1 whip of electrocution
 E - a +1 war axe
 I - a +1 mace of protection
Missiles
 g - 27 poisoned darts (quivered)
 q - 2 curare-tipped darts
 A - 4 large rocks
 B - 5 boomerangs
 F - 3 javelins
Armour
 a - the cursed +0 animal skin "Eternal Lifelessness" (melded) {Cun, Melee}

   It has a curse which improves the following skills: Cunning: Dodging and
   Stealth.
   Melee Combat: Short Blades, Long Blades, Axes, Maces & Flails, Polearms,
   Staves and Unarmed Combat.
 p - a +2 cloak (worn)
 w - the +0 cloak of Voracious Knowledge {rF+}
   (You found it on level 5 of the Dungeon)

   rF+:       It protects you from fire.
 C - a scarf of repulsion
 H - +0 acid dragon scales
Jewellery
 v - the cursed ring "Eternal Mutualism" (left claw) {rCorr, Cun, Sorc}
   (You found it on level 5 of the Dungeon)

   [ring of resist corrosion]

   rCorr:     It protects you from acid and corrosion.
   It has a curse which improves the following skills: Cunning: Dodging and
   Stealth.
   Sorcery:   Conjurations and Alchemy.
 y - an amulet of regeneration (around neck)
 J - a ring of flight
Talismans
 c - a beast talisman
 d - a flux talisman
 z - a maw talisman (active)
Wands
 m - a wand of mindburst (10)
Scrolls
 e - 3 scrolls of immolation
 f - 2 scrolls of poison
 r - a scroll of revelation
 D - a scroll of teleportation
Potions
 b - 2 potions of lignification
 i - 3 potions of brilliance
 k - 2 potions of haste
 l - 3 potions of enlightenment
 n - a potion of mutation
 t - 2 potions of attraction
 x - a potion of berserk rage


   Skills:
 + Level 6.3 Fighting
 + Level 0.4(2.0) Axes
 - Level 3.5 Maces & Flails
 + Level 1.8(2.4) Dodging
 - Level 2.2(2.9) Stealth
 + Level 8.0 Unarmed Combat
 * Level 10.3 Shapeshifting


You had 9 spell levels left.
You didn't know any spells.
Your spell library contained the following spells:

 Spells                   Type           Power      Damage    Failure   Level
 Slow                     Hex            0%         N/A       45%         1
 Summon Small Mammal      Summ           0%         N/A       45%         1
 Ensorcelled Hibernation  Hex/Ice        0%         N/A       58%         2
 Call Canine Familiar     Summ           0%         N/A       83%         3
 Confusing Touch          Hex            0%         N/A       83%         3
 Dazzling Flash           Conj/Hex       0%         N/A       83%         3
 Fugue of the Fallen      Necr           0%         N/A       83%         3
 Gell's Gravitas          Tloc           0%         N/A       83%         3
 Inner Flame              Hex/Fire       0%         N/A       83%         3
 Mephitic Cloud           Conj/Alch/Air  0%         N/A       83%         3
 Passwall                 Erth           0%         N/A       83%         3
 Sigil of Binding         Hex            0%         N/A       83%         3
 Swiftness                Air            0%         N/A       83%         3
 Teleport Other           Tloc           0%         N/A       83%         3
 Vampiric Draining        Necr           0%         2d6       83%         3
 Volatile Blastmotes      Fire/Tloc      0%         2d10      83%         3
 Anguish                  Hex/Necr       0%         N/A       99%         4
 Brom's Barrelling Bould  Conj/Erth      0%         2d3       99%         4
 Flame Wave               Conj/Fire      0%         2d4       99%         4
 Sticky Flame             Fire/Alch      0%         2d4       99%         4
 Summon Blazeheart Golem  Fire/Summ      0%         N/A       99%         4
 Curse of Agony           Necr           0%         N/A       100%        5
 Fireball                 Conj/Fire      0%         3d3       100%        5
 Iskenderun's Battlesphe  Conj           0%         2d6       100%        5
 Silence                  Hex/Air        0%         N/A       100%        5
 Conjure Ball Lightning   Conj/Air       0%         3x3d6     100%        6
 Dispersal                Tloc           0%         N/A       100%        6
 Starburst                Conj/Fire      0%         6d3       100%        6
 Orb of Destruction       Conj           0%         9d5       100%        7
 Maxwell's Capacitive Co  Air            0%         ∞         100%        8


Dungeon Overview and Level Annotations

Branches:
Dungeon (9/15)             Temple (1/1) D:6            Lair (0/5) D:9
    Orc: D:9-12

Altars:
Ashenzari
Cheibriados
Fedhas
Gozag
Kikubaaqudgha
Makhleb
Nemelex Xobeh
Okawaru
Qazlal
Ru
Sif Muna
Trog
Vehumet
Wu Jian
Xom
Yredelemnul
The Shining One

Shops:
D:2 *


Innate Abilities, Weirdness & Mutations

You are a creature with a mouth for a stomach.
Your midsection houses a second, enormous mouth.
You are too large for most types of armour.
You have claws for hands.
Your natural rate of healing is unusually fast.
You are covered in fur. (AC +1)
You have tough skin. (AC +1)


Message History

The killer bee stings you.
You are more poisoned.
The killer bee poisons you! The killer bee closely misses you.
The killer bee barely misses you.
You barely miss the killer bee.
The killer bee is almost dead.
You feel very sick.
The killer bee stings you but does no damage.
The killer bee stings you.
* * * LOW HITPOINT WARNING * * *
You are more poisoned.
The killer bee poisons you! The killer bee barely misses you.
The killer bee stings you!
* * * LOW HITPOINT WARNING * * *
You feel very sick.
The killer bee attacks as it pursues you!
The killer bee stings you but does no damage.
The killer bee completely misses you.
The killer bee stings you but does no damage.
You scratch the killer bee but do no damage.
You bite the killer bee!
The killer bee is almost dead.
You feel very sick. The killer bee closely misses you.
The killer bee barely misses you.
You miss the killer bee.
The killer bee is almost dead.
You feel very sick. The killer bee closely misses you.
The killer bee stings you.
* * * LOW HITPOINT WARNING * * *
You are lethally poisoned!
The killer bee poisons you! The killer bee barely misses you.
The killer bee stings you.
* * * LOW HITPOINT WARNING * * *
You are more poisoned.
The killer bee poisons you!
Okay, then.
Blink to where?
Press: ? - help, Dir - move target
As you read the scroll of blinking, it crumbles to dust.
You die...

#yy# #..# #
######§.# #... .
#.......# #... ..
#.......# #.. .
######..######
#........
#........
#..###### #W.#
#..# #..######
######........
#.................
#.......#######..#
#.......# #..#
#.......# #..# #..
#.......# #..# #..


There were no monsters in sight!

Vanquished Creatures
  A meliai (shapeshifter) (D:8)
  A gargoyle (D:8)
  A rime drake (D:9)
  A troll (D:8)
  A polar bear (D:9)
  2 wraiths (D:8)
  2 wyverns (D:8)
  2 acid dragons
  2 water moccasins
  Duvessa (D:6)
  10 ice beasts
  3 orc warriors
  2 sky beasts (D:8)
  3 black bears
  A centaur (D:5)
  A phantom (D:4)
  3 kobold brigands
  3 bullfrogs
  2 scorpions (D:4)
  2 gnoll sergeants
  A wight (D:8)
  Dowan (D:6)
  4 killer bees (D:9)
  2 howler monkeys (D:8)
  A bombardier beetle (D:5)
  4 hounds
  2 sleepcaps
  2 orc priests
  Crazy Yiuf (D:3)
  A jelly (D:4)
  5 iguanas
  Ijyb (D:3)
  3 orc wizards
  15 gnolls
  11 adders
  2 shadow imps
  2 white imps
  5 dart slugs
  A ribbon worm (D:3)
  32 orcs
  8 ball pythons
  9 endoplasms
  5 giant cockroaches
  9 goblins
  10 hobgoblins
  4 jackals (D:5)
  6 quokkas
  3 bats
  16 kobolds
  7 rats
217 creatures vanquished.

Notes
Turn   | Place    | Note
-------+----------+-------------------------------------------
     0 | D:1      | booth the Troll Shapeshifter began the quest for the Orb.
     0 | D:1      | Reached XP level 1. HP: 18/18 MP: 0/0
    34 | D:1      | Reached skill level 1 in Fighting
    55 | D:1      | Reached XP level 2. HP: 27/27 MP: 1/1
   749 | D:2      | Reached XP level 3. HP: 28/33 MP: 2/2
   757 | D:2      | Reached XP level 4. HP: 24/42 MP: 3/3
   933 | D:2      | Reached skill level 4 in Shapeshifting
  1076 | D:2      | Found Coquik's Assorted Antiques.
  1319 | D:3      | Noticed Ijyb
  1336 | D:3      | Killed Ijyb
  1337 | D:3      | Reached XP level 5. HP: 31/49 MP: 4/4
  1400 | D:3      | Found Ziuptoudu's Vocational Training.
  1589 | D:3      | Found a snail-covered altar of Cheibriados.
  1820 | D:3      | Found a runed translucent door.
  1821 | D:3      | Noticed Crazy Yiuf
  2000 | D:3      | Killed Crazy Yiuf
  2131 | D:4      | Reached XP level 6. HP: 56/59 MP: 5/5
  2188 | D:4      | Reached skill level 5 in Shapeshifting
  2599 | D:4      | Reached XP level 7. HP: 64/67 MP: 6/6
  3097 | D:5      | Entered Level 5 of the Dungeon
  3159 | D:5      | Reached skill level 5 in Unarmed Combat
  3159 | D:5      | Reached skill level 6 in Shapeshifting
  3413 | D:5      | Identified the +0 cloak of Voracious Knowledge {rF+}
  3925 | D:5      | Reached XP level 8. HP: 78/78 MP: 7/7
  4440 | D:6      | Reached skill level 7 in Shapeshifting
  4579 | D:6      | Found a sacrificial altar of Ru.
  4834 | D:6      | Found a staircase to the Ecumenical Temple.
  4850 | Temple   | Entered the Ecumenical Temple
  4978 | D:6      | Noticed Dowan
  4980 | D:6      | Noticed Duvessa
  4989 | D:6      | Killed Duvessa
  4996 | D:6      | Killed Dowan
  5154 | Temple   | Became a worshipper of Ashenzari the Shackled
  5237 | D:7      | Found a radiant altar of Vehumet.
  5321 | D:7      | Reached skill level 8 in Shapeshifting
  5447 | D:7      | Reached XP level 9. HP: 60/87 MP: 8/8
  5509 | D:7      | Found a sparkling altar of Nemelex Xobeh.
  5591 | D:7      | Found an ornate altar of the Wu Jian Council.
  5615 | D:7      | Reached skill level 5 in Fighting
  5964 | D:8      | Found an iron altar of Okawaru.
  6229 | D:8      | Reached * piety under Ashenzari
  6333 | D:8      | Reached skill level 1 in Maces & Flails
  6376 | D:8      | Reached skill level 9 in Shapeshifting
  6576 | D:8      | Reached skill level 1 in Stealth
  6757 | D:8      | Reached XP level 10. HP: 98/98 MP: 9/9
  6769 | D:8      | Noticed a meliai
  6769 | D:8      | Noticed a gargoyle
  6790 | D:8      | Killed a gargoyle
  6857 | D:8      | Noticed a meliai
  6866 | D:8      | Killed a meliai
  7047 | D:9      | Reached skill level 10 in Shapeshifting
  7088 | D:9      | Identified the cursed +0 animal skin "Eternal Lifelessness"
                  | {Cun, Melee}
  7151 | D:9      | Found a staircase to the Lair.
  7187 | D:9      | Found a stormy altar of Qazlal.
  7365 | D:9      | HP: 4/98 [killer bee (3)]
  7366 | D:9      | Succumbed to a killer bee's poison

Illustrated notes

Levels and vault maps discovered:
D:1:      dpeg_arrival_windows_large_door, layout_loops_ring
D:2:      layout_basic, serial_shops, shop, grunt_ministairs_10,
          item_on_display_b
D:3:      layout_basic, kennysheep_slug_shrine, nicolae_shop_vocational,
          uniq_ijyb, uniq_crazy_yiuf_cottage
D:4:      layout_basic
D:5:      layout_loops_corners, kennysheep_generic_room_6
D:6:      layout_rooms, hangedman_ru_absence, minmay_temple_entry_offerings,
          minivault_14, serial_library_hellmonk_recessed_alcove,
          hex_intersection, chequers_jeans, minivault_26, uniq_duvessa
D:7:      layout_gridville, lemuel_crystal_altar, lemuel_round_altar,
          lemuel_round_altar, lightli_orcish_oven
D:8:      layout_cave_pools, okawaru_altar_gauntlet_db, minmay_the_grid_2x2
          [minmay_the_grid_pillar_ring, minmay_the_grid_box_x,
          minmay_the_grid_x, minmay_the_grid_prize_big_room]
D:9:      layout_small_grid, kennysheep_mini_moat,
          mainiacjoe_overflow_boulevard, mainiacjoe_overflow_catch_the_wave,
          hellmonk_lair_entry_icy
Temple:   hellmonk_temple_beads

Skill      XL: |  1  2  3  4  5  6  7  8  9 10 |
---------------+-------------------------------+-----
Fighting       | 1 2 3 4 5 6 |  6.3
Shapeshifting  | 4 5 6 8 9 10 | 10.3
Unarmed Combat | 4 5 6 7 8 |  8.0
Maces & Flails | 2 3 |  3.5
Stealth        | 1 2 |  2.2
Axes           | |  0.4
Dodging        | |  1.8

Action                     |  1- 3 |  4- 6 |  7- 9 | 10-12 || total
---------------------------+-------+-------+-------+-------++-------
  Melee: Unarmed           |    48 |   158 |   352 |    88 ||   646
         Punch             |     2 |     2 |     1 |     3 ||     8
         Maw               |       |       |       |    12 ||    12
  Throw: Dart              |     4 |     1 |     4 |     4 ||    13
         Large rock        |       |       |     2 |     1 ||     3
 Invoke: Curse Item        |       |       |     2 |       ||     2
Ability: Begin Untransform |       |     1 |     2 |       ||     3
  Evoke: Wand              |       |       |     1 |       ||     1
    Use: Scroll            |     4 |       |     6 |     2 ||    12
         Potion            |     1 |       |     5 |     4 ||    10
   Stab: Sleeping          |     1 |     1 |       |       ||     2
 Armour: Animal skin       |    22 |    80 |    69 |       ||   171
         Skin              |       |       |   180 |   116 ||   296
  Dodge: Dodged            |    17 |    56 |   257 |    79 ||   409
   Form: Beast             |       |     1 |     1 |       ||     2
         Flux              |       |       |     2 |       ||     2
         Maw               |       |       |       |     1 ||     1
